Map: Forgotten Sanctuary

Players

Mooger - Winner!

  • Race: Protoss Protoss
  • Spawn Location: 9:00

MrStomp - Winner!

  • Race: Terran Terran
  • Spawn Location: 9:00

Gerrard - Winner!

  • Race: Terran Terran
  • Spawn Location: 12:00

Chipchopping - Winner!

  • Race: Terran Terran
  • Spawn Location: 12:00

grudu

  • Race: Zerg Zerg
  • League: Gold
  • Spawn Location: 6:00

Vince

  • Race: Terran Terran
  • Spawn Location: 6:00

zante

  • Race: Terran Terran
  • League: Silver
  • Spawn Location: 3:00

Sabri

  • Race: Protoss Protoss
  • Spawn Location: 3:00

VOD

Have the link to the VOD?

Description

Time

  • Played on: Nov. 11, 2018, 4:50 p.m.
  • Length: 5:37
Show
View Real Time Build Order
Export as new Build Order

Mooger Protoss - Winner!

Build Orders: Dark Templar Rush 

Get SALT Encoding   

  12  0:01  Probe  
  13  0:15  Pylon  
  13  0:18  Probe  
  14  0:35  Gateway  
  14  0:37  Probe  
  15  0:52  Probe  
  16  1:00  Assimilator  
  17  1:04  Assimilator, Probe  
  17  1:16  Probe  
  18  1:24  Cybernetics Core  
  18  1:25  Probe  
  19  1:33  Probe  
  20  1:42  Probe  
  21  1:54  Probe  
  21  2:00  Warp Gate  
  22  2:04  Twilight Council  
  22  2:13  Robotics Facility  
  22  2:40  Pylon  
  22  2:48  Dark Shrine  
  22  2:51  Warp Prism  
  24  3:10  Gateway  
  25  3:14  Gateway  
  25  3:16  Gateway  
  24  3:22  Pylon  
  24  3:25  Pylon  
  24  4:21  Dark Templar x4  
  30  4:41  Warp Prism  
Show
View Real Time Build Order
Export as new Build Order

MrStomp Terran - Winner!

Build Orders:  

Get SALT Encoding   

  12  0:04  SCV  
  13  0:27  SCV, Supply Depot  
  14  0:37  Refinery  
  14  0:39  SCV  
  15  0:44  Refinery  
  15  0:51  SCV  
  16  1:01  Barracks  
  16  1:25  Supply Depot  
  16  1:48  Supply Depot  
  16  1:57  Reaper  
  17  2:11  Supply Depot  
  17  2:15  SCV  
  18  2:27  SCV  
  18  2:29  Reaper  
  20  2:34  Supply Depot  
  20  2:39  SCV  
  22  2:51  SCV  
  21  3:03  SCV  
  22  3:14  Marine  
  22  3:32  Marine  
  23  3:46  Barracks  
  23  3:50  Marine  
  24  4:08  Marine  
  25  4:11  Engineering Bay  
  25  4:26  Marine  
  26  4:35  Barracks  
  26  4:45  Marine  
  26  4:46  Marine  
  28  5:03  Marine x2  
  30  5:23  Barracks  
Show
View Real Time Build Order
Export as new Build Order

Gerrard Terran - Winner!

Build Orders:  

Get SALT Encoding   

  12  0:02  SCV  
  13  0:25  Supply Depot  
  13  0:27  SCV  
  14  0:39  SCV  
  15  0:47  Engineering Bay  
  15  0:51  SCV  
  16  1:01  Barracks  
  16  1:03  SCV  
  17  1:05  Refinery  
  17  1:13  Refinery  
  17  1:15  SCV  
  18  1:29  Supply Depot  
  18  1:34  SCV  
  19  1:46  SCV  
  20  1:49  Marine  
  21  1:58  SCV  
  22  2:03  Missile Turret  
  22  2:07  Marine  
  23  2:10  SCV  
  24  2:22  SCV  
  25  2:25  Marine  
  26  2:33  Barracks  
  26  2:34  SCV  
  27  2:37  Terran Infantry Weapons Level 1  
  27  2:42  Marine  
  28  3:00  Marine  
  28  3:02  Missile Turret  
  29  3:18  Marine  
  30  3:23  Marine  
  30  3:24  Missile Turret  
  31  3:41  Supply Depot  
  31  3:49  Supply Depot  
  31  3:51  Factory  
  31  4:02  Marine x2  
  33  4:11  Supply Depot  
  33  4:20  Marine x2  
  35  4:38  Marine x2  
  34  4:56  Marine x2  
  32  5:13  Marine x2  
Show
View Real Time Build Order
Export as new Build Order

Chipchopping Terran - Winner!

Build Orders:  

Get SALT Encoding   

  12  0:33  SCV  
  13  0:45  SCV  
  13  0:46  Supply Depot  
  14  0:57  SCV  
  15  1:09  Refinery, SCV, Supply Depot  
  16  1:21  SCV  
  17  1:34  Barracks, SCV  
  18  1:46  SCV  
  19  1:54  Refinery  
  19  1:58  SCV  
  20  2:10  SCV  
  21  2:20  Command Center  
  21  2:22  SCV  
  22  2:34  SCV  
  23  2:44  Barracks Reactor  
  23  2:46  SCV  
  24  2:58  SCV  
  25  3:10  SCV  
  26  3:22  Refinery, SCV  
  27  3:30  Factory, Marine x2  
  29  3:35  SCV  
  29  3:36  Supply Depot  
  29  3:38  SCV  
  31  3:47  SCV  
  31  3:48  Refinery, Marine x2  
  34  3:50  SCV  
  35  3:58  Supply Depot  
  35  3:59  SCV  
  36  4:03  SCV  
  36  4:05  Marine x2  
  39  4:11  SCV  
  39  4:15  SCV  
  41  4:22  Engineering Bay  
  41  4:23  Marine x2  
  43  4:27  SCV  
  44  4:33  Factory Tech Lab  
  44  4:39  SCV  
  44  4:40  Factory  
  44  4:41  Marine x2  
  47  4:51  SCV  
  48  4:59  Marine x2  
  50  5:13  Armory  
  50  5:17  Marine x2  
Show
View Real Time Build Order
Export as new Build Order

grudu Zerg 

Build Orders: Hatch First 

Get SALT Encoding   

  12  0:01  Drone  
  13  0:08  Drone  
  14  0:18  Overlord  
  14  0:36  Drone x2  
  14  0:37  Drone  
  17  0:55  Hatchery  
  16  1:02  Drone  
  17  1:25  Spawning Pool  
  16  1:27  Drone x3, Extractor  
  18  1:44  Drone  
  19  1:52  Overlord  
  19  2:12  Queen x2  
  19  2:15  Zergling x6  
  26  3:07  Lair  
  26  3:11  Roach Warren  
  26  3:12  Drone x3  
  28  3:13  Evolution Chamber  
  27  3:31  Extractor  
  26  3:34  Drone x2  
  26  3:40  Zerg Missile Weapons Level 1  
  28  3:42  Drone x2  
  28  3:43  Drone x2  
  28  3:46  Drone  
  28  3:47  Drone  
  34  3:54  Overlord  
  34  4:01  Spore Crawler  
  33  4:05  Roach  
  35  4:10  Glial Reconstitution  
  20  4:46  Overlord  
Show
View Real Time Build Order
Export as new Build Order

Vince Terran 

Build Orders:  

Get SALT Encoding   

  12  0:02  SCV  
  13  0:17  Supply Depot  
  13  0:18  SCV  
  14  0:37  Supply Depot  
  14  0:43  Barracks  
  14  0:46  SCV  
  15  1:02  Engineering Bay  
  15  1:06  SCV  
  15  1:11  Refinery  
  16  1:18  SCV  
  17  1:22  Refinery  
  17  1:30  SCV  
  18  1:43  Marine  
  19  1:54  SCV  
  20  2:01  Marine  
  20  2:06  SCV  
  22  2:13  Factory  
  22  2:18  SCV  
  22  2:19  Marine  
  24  2:30  SCV  
  24  2:34  Supply Depot  
  25  2:53  Command Center  
  25  3:01  Factory Tech Lab  
  25  3:14  Armory  
  25  3:27  Siege Tank  
  28  3:40  Armory  
  28  3:43  SCV  
  29  3:49  Marine  
  29  3:55  SCV  
  31  4:07  SCV  
  32  4:15  Thor  
  38  4:22  SCV x2  
  40  4:34  SCV x2  
Show
View Real Time Build Order
Export as new Build Order

zante Terran 

Build Orders:  

Get SALT Encoding   

  12  0:26  Supply Depot  
  12  0:38  Refinery  
  12  0:42  SCV  
  13  0:50  Barracks  
  13  0:54  Barracks  
  13  0:59  SCV  
  14  1:11  SCV  
  15  1:22  Engineering Bay  
  15  1:23  SCV  
  16  1:44  Barracks  
  16  1:51  Supply Depot  
  16  2:07  Orbital Command  
  16  2:16  Barracks Reactor  
  16  2:19  Barracks Reactor  
  16  2:32  Barracks Reactor  
  16  2:35  Supply Depot  
  16  2:45  Terran Infantry Weapons Level 1  
  16  2:52  Marine x2  
  18  3:00  Marine x2  
  20  3:10  Marine x4  
  24  3:18  Marine  
  24  3:19  Marine  
  26  3:28  Marine x2  
  28  3:34  Marine  
  28  3:37  Barracks  
  29  3:51  Marine x5  
  34  4:03  Marine  
  34  4:08  Marine  
  34  4:09  Marine  
  37  4:11  Marine  
  37  4:12  Marine  
  39  4:24  Barracks Tech Lab  
Show
View Real Time Build Order
Export as new Build Order

Sabri Protoss 

Build Orders: 1 Gate Expand, Forge Fast Expand (FFE) 

Get SALT Encoding   

  1  0:00  Probe  
  12  0:06  Probe  
  14  0:21  Pylon  
  14  0:22  Probe  
  15  0:43  Gateway  
  15  0:47  Forge  
  15  0:50  Probe  
  16  1:21  Probe  
  16  1:24  Nexus  
  17  1:27  Assimilator  
  17  1:44  Cybernetics Core  
  17  1:45  Probe  
  17  1:53  Probe  
  19  2:02  Probe  
  19  2:03  Assimilator  
  20  2:09  Pylon  
  20  2:15  Probe  
  20  2:17  Pylon  
  21  2:23  Probe  
  22  2:40  Probe  
  22  2:44  Stargate  
  23  2:48  Probe  
  23  2:57  Assimilator, Probe  
  24  3:02  Assimilator  
  25  3:07  Probe  
  25  3:11  Pylon  
  26  3:15  Probe  
  26  3:17  Probe  
  28  3:24  Probe  
  28  3:29  Probe  
  28  3:31  Void Ray  
  34  3:41  Probe  
  34  3:43  Stargate  
  34  3:47  Probe  
  35  3:53  Probe  
  35  3:55  Probe  
  38  4:04  Probe  
  38  4:07  Stargate  
  38  4:09  Void Ray  
  39  4:15  Probe  
  39  4:17  Probe  
  45  4:27  Probe  
  45  4:29  Probe  
  47  4:39  Photon Cannon  
  47  4:41  Probe  
  44  4:46  Pylon  
  44  4:52  Photon Cannon, Void Ray  
  48  4:53  Probe  
Tags
 
Add a new tag
Caveats
  • Supply blocks, unpowered buildings, or Contaminate may cause inaccurate times.
  • Supply counts are checked every 10 seconds.